 Dungeon Crawl Stone Soup version 0.19.1 (webtiles) character file.

6689 Darkmans the Thaumaturge (level 10, -2/69 HPs)
             Began as a Green Draconian Conjurer on Dec 17, 2016.
             Was a Believer of Vehumet.
             Slain by a tyrant leech (33 damage)
             ... on level 2 of the Lair of Beasts.
             The game lasted 00:45:37 (13787 turns).

Darkmans the Thaumaturge (DrCj)                    Turns: 13787, Time: 00:45:38

Health: -2/69      AC:  7    Str: 10    XL:     10   Next: 73%
Magic:  3/23       EV: 15    Int: 20    God:    Vehumet [**....]
Gold:   506        SH:  9    Dex: 11    Spells: 5 memorised, 15 levels left

rFire  . . .     SeeInvis .     w - +2 dagger (venom)
rCold  . . .     Gourm    .     (armour unavailable)
rNeg   + . .     Faith    .     k - +3 buckler
rPois  +         Spirit   .     (helmet restricted)
rElec  .         Reflect  .     (no cloak)
rCorr  .         Harm     .     (no gloves)
MR     .....                    (no boots)
Stlth  ++........               (no amulet)
                                H - ring of wizardry
                                c - ring of positive energy

@: no status effects
A: breathe noxious fumes, unfitting armour, talons 2, poison resistance, no
device heal 1, cold-blooded, AC +7
a: Breathe Noxious Fumes, Renounce Religion


You were on level 2 of the Lair of Beasts.
You worshipped Vehumet.
Vehumet was pleased with you.
You were not hungry.

You visited 2 branches of the dungeon, and saw 11 of its levels.

You collected 506 gold pieces.

Inventory:

Hand Weapons
 w - a +2 dagger of venom (weapon)
Armour
 k - a +3 buckler (worn)
Jewellery
 c - a ring of positive energy (left hand)
 j - an uncursed amulet of guardian spirit {unknown}
 y - an uncursed ring of fire
 A - an uncursed ring of fire
 E - an uncursed ring of positive energy
 H - a ring of wizardry (right hand)
Wands
 e - a wand of random effects (0/48)
 l - a wand of iceblast (0/15)
 C - a wand of random effects (27/48)
 G - a wand of lightning (10/15)
Scrolls
 f - a scroll of enchant weapon
 g - 3 scrolls of amnesia
 h - 4 scrolls of identify
 i - a scroll of fear
 p - a scroll of teleportation
 q - 3 scrolls of remove curse
 r - a scroll of enchant armour
 B - a scroll of acquirement {unknown}
 F - a scroll of recharging
Potions
 o - a potion of brilliance
 s - a potion of agility
 t - 2 potions of haste
Books
 a - a book of Conjurations

   Spells                             Type                      Level
   a - Magic Dart                     Conjuration                  1
   b - Searing Ray                    Conjuration                  2
   c - Dazzling Spray                 Conjuration/Hexes            3
   d - Fulminant Prism                Conjuration/Hexes            4
   e - Iskenderun's Mystic Blast      Conjuration                  4
   f - Iskenderun's Battlesphere      Conjuration/Charms           5
 D - a book of Frost

   Spells                             Type                      Level
   a - Freeze                         Ice                          1
   b - Throw Frost                    Conjuration/Ice              2
   c - Ozocubu's Armour               Charms/Ice                   3
   d - Throw Icicle                   Conjuration/Ice              4
   e - Summon Ice Beast               Ice/Summoning                4
Comestibles
 b - 2 bread rations
 d - 3 meat rations
 n - a royal jelly
 u - a beef jerky
 v - a slice of pizza


   Skills:
 + Level 4.9 Short Blades
 - Level 6.1 Dodging
 - Level 1.7 Stealth
 + Level 8.6 Shields
 - Level 9.0 Spellcasting
 - Level 7.5 Conjurations


You had 15 spell levels left.
You knew the following spells:

 Your Spells              Type           Power        Failure   Level  Hunger
a - Magic Dart            Conj           ####         1%          1    None
b - Searing Ray           Conj           #####.       1%          2    None
c - Iskenderun's Mystic   Conj           #####...     1%          4    ###....
d - Sting                 Conj/Pois      ###.         1%          1    None
e - Throw Icicle          Conj/Ice       ###.....     7%          4    ###....


Dungeon Overview and Level Annotations

Branches:
Dungeon (9/15)             Temple (0/1) D:5            Lair (2/6) D:8
  Swamp: Lair:2-4    Shoals: Lair:2-4     Snake: Lair:2-4    Spider: Lair:2-4
    Orc: D:9-12

Altars:
Elyvilon
Hepliaklqana
Kikubaaqudgha
Nemelex Xobeh
Okawaru
Sif Muna
Vehumet

Shops:
D:4 =   D:7 (

Annotations:
D:3 Grinder
D:4 exclusion: statue


Innate Abilities, Weirdness & Mutations

You can breathe blasts of noxious fumes.
Your lurid green scales are hard. (AC +7)
You cannot fit into any form of body armour.
Your system is resistant to poisons. (rPois)
You are cold-blooded and may be slowed by cold attacks.
You have razor-sharp toenails.
Potions and wands are less effective at restoring your health.


Message History

Aim: a tyrant leech (heavily wounded, poisoned)
The sting hits the tyrant leech.
The tyrant leech looks even sicker.
The tyrant leech is severely wounded.
Casting: Sting
Confirm with . or Enter, or press ? or * to list all spells.
Aiming: Sting
Press: ? - help, Shift-Dir - straight line, f/p - tyrant leech
Aim: a tyrant leech (severely wounded, poisoned)
The sting hits the tyrant leech.
The tyrant leech appears unharmed.
The tyrant leech is severely wounded.
You block the tyrant leech's attack.
Casting: Sting
Confirm with . or Enter, or press ? or * to list all spells.
Aiming: Sting
Press: ? - help, Shift-Dir - straight line, f/p - tyrant leech
Aim: a tyrant leech (severely wounded, poisoned)
The sting hits the tyrant leech.
The tyrant leech appears unharmed.
The tyrant leech is severely wounded.
The tyrant leech bites you!!
You die...

.... #P..............#..#
.... #....P...........#.#
#... ##...#.......#..#.# ....
#............#....# #.##
##...........#..##.#
...###....#.......#..# #..
...............##'...## #.
......................####.#.
................@............
..............>.w....?.......
.........................##..
.#.###....#.####..##.....#
.....#...#######.#.#.....#
.....+...#####..†#.#......#
..........##......##.....##
.....#...###....†###.....#
.........# #....<# #.....#


You could see a tyrant leech.

Vanquished Creatures
  2 spiny frogs
  2 komodo dragons
  4 hippogriffs
  A mottled dragon (D:8)
  5 water moccasins
  2 porcupines (Lair:1)
  An orc warrior (D:6)
  A black bear (D:6)
  2 sky beasts (D:5)
  3 ogres
  8 wolves
  A centaur (D:6)
  2 crocodiles (Lair:1)
  Blork the orc (D:4)
  9 bullfrogs
  A gnoll sergeant (D:8)
  A water moccasin skeleton (D:5)
  4 scorpions
  A howler monkey (D:4)
  3 crimson imps
  A quasit (D:8)
  4 orc priests
  A bullfrog skeleton (D:4)
  2 centaur skeletons
  5 hounds
  A jelly (D:8)
  6 orc wizards
  5 iguanas
  Ijyb (D:3)
  13 worker ants
  3 hound skeletons
  8 gnolls
  16 adders
  3 shadow imps
  An ooze (D:4)
  An adder zombie (D:5)
  2 worms
  5 dart slugs
  7 leopard geckos
  29 orcs
  3 bats
  7 giant cockroaches
  4 hobgoblins
  2 jackals (D:4)
  6 quokkas
  4 frilled lizards (D:1)
  A giant cockroach zombie (D:6)
  10 goblins
  A jackal skeleton (D:4)
  4 kobolds
  2 leopard gecko skeletons
  2 quokka skeletons
  7 rats
221 creatures vanquished.

Vanquished Creatures (others)
  A fungus (Lair:2)
  2 plants (Lair:2)
3 creatures vanquished.

Grand Total: 224 creatures vanquished

Notes
Turn   | Place    | Note
-------+----------+-------------------------------------------
     0 | D:1      | Darkmans the Draconian Conjurer began the quest for the Orb.
     0 | D:1      | Reached XP level 1. HP: 14/14 MP: 3/3
   218 | D:1      | Reached XP level 2. HP: 16/20 MP: 0/5
   304 | D:1      | Learned a level 2 spell: Searing Ray
  1227 | D:2      | Reached skill level 5 in Conjurations
  1227 | D:2      | Reached XP level 3. HP: 26/26 MP: 2/6
  1832 | D:2      | Found a white marble altar of Elyvilon.
  2001 | D:2      | Reached XP level 4. HP: 33/33 MP: 0/7
  2795 | D:3      | Reached XP level 5. HP: 35/38 MP: 2/8
  3425 | D:3      | Found an ancient bone altar of Kikubaaqudgha.
  3584 | D:3      | Noticed Ijyb
  3603 | D:3      | Killed Ijyb
  3603 | D:3      | Reached XP level 6. HP: 45/45 MP: 2/9
  3783 | D:3      | Noticed Grinder
  4173 | D:4      | Found a radiant altar of Vehumet.
  4279 | D:4      | Noticed Blork the orc
  4422 | D:4      | Learned a level 4 spell: Iskenderun's Mystic Blast
  4431 | D:4      | Found Pipnu's Jewellery Shop.
  4835 | D:5      | Entered Level 5 of the Dungeon
  4895 | D:5      | Noticed a sky beast
  4911 | D:5      | Killed a sky beast
  4911 | D:5      | Reached skill level 3 in Spellcasting
  4911 | D:5      | Your scales start taking on a lurid green colour.
  4911 | D:5      | Reached XP level 7. HP: 50/50 MP: 4/11
  4911 | D:5      | Gained mutation: Your system is resistant to poisons. (rPois) [Green Draconian growth]
  4916 | D:5      | Gained mutation: You have sharp toenails. [mutagenic meat]
  4917 | D:5      | Gained mutation: Potions and wands are less effective at restoring your health. [mutagenic meat]
  4918 | D:5      | Gained mutation: You are occasionally teleported next to monsters. [mutagenic meat]
  4919 | D:5      | Gained mutation: You have razor-sharp toenails. [mutagenic meat]
  4920 | D:5      | Lost mutation: You are occasionally teleported next to monsters. [mutagenic meat]
  5124 | D:4      | Killed Blork the orc
  5451 | D:4      | Reached skill level 4 in Spellcasting
  5854 | D:4      | Became a worshipper of Vehumet
  6109 | D:5      | Found an iron altar of Okawaru.
  6378 | D:5      | Reached XP level 8. HP: 49/57 MP: 8/15
  6559 | D:5      | Found a staircase to the Ecumenical Temple.
  6569 | D:5      | Found a hazy altar of Hepliaklqana.
  6586 | D:5      | Reached skill level 5 in Dodging
  6586 | D:5      | Reached skill level 5 in Spellcasting
  7810 | D:6      | Reached skill level 6 in Spellcasting
  8111 | D:6      | Reached * piety under Vehumet
  8111 | D:6      | Offered knowledge of Sting by Vehumet.
  8139 | D:6      | Reached skill level 1 in Shields
  8152 | D:6      | Learned a level 1 spell: Sting
  8303 | D:6      | Found a deep blue altar of Sif Muna.
  8689 | D:7      | Found Uzaojah's Weapon Emporium.
  8728 | D:7      | Reached XP level 9. HP: 62/62 MP: 11/19
  9097 | D:8      | Found a staircase to the Lair.
  9235 | D:8      | Reached skill level 7 in Spellcasting
  9877 | D:8      | Found a sparkling altar of Nemelex Xobeh.
 10115 | D:8      | Reached ** piety under Vehumet
 10260 | D:9      | Offered knowledge of Flame Tongue by Vehumet.
 10352 | Lair:1   | Entered Level 1 of the Lair of Beasts
 10397 | Lair:1   | Reached skill level 5 in Shields
 10483 | Lair:1   | Reached skill level 8 in Spellcasting
 10960 | Lair:1   | Learned a level 4 spell: Throw Icicle
 11025 | Lair:1   | Reached XP level 10. HP: 54/69 MP: 12/22
 11208 | Lair:1   | Reached skill level 9 in Spellcasting
 11383 | Lair:1   | Reached skill level 1 in Short Blades
 11452 | Lair:1   | Offered knowledge of Stone Arrow by Vehumet.
 11674 | Lair:1   | Noticed a spiny frog
 11941 | Lair:1   | Killed a spiny frog
 12542 | Lair:2   | Found a labyrinth entrance.
 12622 | Lair:2   | Noticed a spiny frog
 12643 | Lair:2   | Killed a spiny frog
 12890 | Lair:2   | Noticed a five-headed hydra
 12960 | Lair:2   | a five-headed hydra changed into a tyrant leech
 13065 | Lair:2   | Noticed a seven-headed hydra
 13170 | Lair:1   | HP: 1/69 [wolf (4)]
 13212 | Lair:1   | HP: 1/69 [bullfrog (6)]
 13576 | Lair:2   | Noticed a spiny frog
 13787 | Lair:2   | Slain by a tyrant leech

Skill      XL: |  1  2  3  4  5  6  7  8  9 10 |
---------------+-------------------------------+-----
Conjurations   | 5 6 7 |  7.5
Dodging        | 3 4 6 |  6.1
Spellcasting   | 3 4 6 8 9 |  9.0
Shields        | 2 6 8 |  8.6
Short Blades   | 4 |  4.9
Stealth        | |  1.7

Action                   |  1- 3 |  4- 6 |  7- 9 | 10-12 || total
-------------------------+-------+-------+-------+-------++-------
Melee: Hand axe          |    13 |    24 |       |       ||    37
       Unarmed           |     2 |       |       |       ||     2
       Tailslap          |     1 |     5 |    10 |     3 ||    19
       Dagger            |       |    44 |    71 |    49 ||   164
       Kick              |       |       |    15 |     9 ||    24
 Cast: Magic Dart        |    61 |    84 |   311 |    65 ||   521
       Searing Ray       |     2 |    12 |    28 |    15 ||    57
       Sting             |       |       |     4 |    17 ||    21
       Throw Icicle      |       |       |       |    13 ||    13
 Abil: Breathe Noxious F |       |       |     9 |     4 ||    13
Evoke: Wand              |       |     8 |     2 |     4 ||    14
  Use: Scroll            |       |    13 |     8 |     3 ||    24
       Potion            |       |       |     2 |     2 ||     4
 Stab: Sleeping          |       |     1 |     1 |       ||     2
       Confused          |       |       |     2 |       ||     2
  Eat: Chunk             |     3 |     5 |    13 |     2 ||    23
       Meat ration       |       |     1 |       |       ||     1
       Beef jerky        |       |     1 |       |       ||     1
       Bread ration      |       |       |     3 |     1 ||     4
       Fruit             |       |       |       |     3 ||     3
       Pizza             |       |       |       |     1 ||     1
Armor: Skin              |    11 |    41 |    46 |    35 ||   133
Dodge: Dodged            |    13 |    60 |   148 |   108 ||   329
Block: Buckler           |     7 |    28 |    75 |    81 ||   191
